 Dungeon Crawl Stone Soup version 0.25-a0-571-gb5e01bd (webtiles) character file.

Game seed: 3517022430802560237, levelgen mode: deterministic

54544 Tenaya the Brawler (level 14, -11/133 HPs)
             Began as a Troll Hunter on Feb 28, 2020.
             Was a High Priest of Wu Jian.
             Mangled by a +4 vampiric executioner's axe (19 damage)
             ... on level 2 of the Elven Halls.
             The game lasted 01:26:36 (14434 turns).

Tenaya the Brawler (Troll Hunter)                  Turns: 14434, Time: 01:26:37

Health: -11/133    AC: 12    Str: 23    XL:     14   Next: 35%
Magic:  19/19      EV: 10    Int: 11    God:    Wu Jian [*****.]
Gold:   1010       SH:  0    Dex: 10    Spells: 7/22 levels left

rFire    . . .     SeeInvis +     - Unarmed
rCold    . . .     Gourm    +   (no shield)
rNeg     + . .     Faith    .   V - +2 robe {rN+}
rPois    .         Spirit   .   (helmet restricted)
rElec    .         Reflect  .   P - +0 cloak
rCorr    .         Harm     .   (gloves unavailable)
MR       +....                  (boots unavailable)
Stlth    +.........             I - amulet of the acrobat
HPRegen  0.72/turn              N - +3 ring of protection
MPRegen  0.16/turn              O - ring of see invisible

@: hasted, very quick
A: large, unfitting armour, claws 3, fast metabolism 3, gourmand, regeneration
1, shaggy fur 1, tough skin 3
a: Wall Jump, Serpent's Lash, Heavenly Storm, Renounce Religion


You were on level 2 of the Elven Halls.
You worshipped Wu Jian.
Wu Jian was extremely pleased with you.
You were not hungry.

You visited 4 branches of the dungeon, and saw 16 of its levels.

You collected 1832 gold pieces.
You spent 822 gold pieces at shops.

Inventory:

Hand Weapons
 b - a +4 short sword of venom
 E - the +8 trident of the Octopus King {venom, rElec rPois MR+}
   (You took it off an orc wizard on level 6 of the Dungeon)

   It poisons the flesh of those it strikes.
   It insulates you from electricity.
   It protects you from poison.
   It affects your resistance to hostile enchantments.
 X - a +7 hand axe of flaming
Missiles
 d - 3 throwing nets
 y - 23 poisoned darts
 C - 25 boomerangs
 U - 12 large rocks (quivered)
Armour
 c - a +0 robe of fire resistance
 A - a +0 kite shield
 P - a +0 cloak (worn)
 V - a +2 robe of positive energy (worn)
Jewellery
 I - an amulet of the acrobat (around neck)
 N - a +3 ring of protection (left claw)
 O - a ring of see invisible (right claw)
 Z - the amulet "Kycest" {RegenMP rElec Dex-3 Stlth+}
   (You took it off a vampire mage on level 1 of the Elven Halls)

   [amulet of magic regeneration]

   It increases your magic regeneration.
   It affects your dexterity (-3).
   It insulates you from electricity.
   It makes you more stealthy.
Wands
 n - a wand of paralysis (10)
 q - a wand of digging (3)
 z - a wand of flame (71)
 K - a wand of scattershot (1)
 M - a wand of clouds (3)
 R - a wand of acid (5)
Scrolls
 h - 3 scrolls of teleportation
 i - 2 scrolls of noise {unknown}
 k - 12 scrolls of identify
 l - 3 scrolls of enchant armour
 m - a scroll of enchant weapon {unknown}
 p - 2 scrolls of random uselessness {unknown}
 s - 4 scrolls of magic mapping {unknown}
 u - 4 scrolls of remove curse
 x - 4 scrolls of immolation {unknown}
 D - 2 scrolls of blinking {unknown}
 F - 2 scrolls of fear {unknown}
 H - 2 scrolls of summoning
 L - a scroll of fog {unknown}
 Q - a scroll of amnesia {unknown}
 S - a scroll of vulnerability {unknown}
Potions
 a - a potion of curing
 e - 3 potions of flight
 g - a potion of lignification {unknown}
 j - 2 potions of brilliance {unknown}
 o - a potion of heal wounds
 r - 2 potions of might
 t - 2 potions of magic
 v - a potion of berserk rage
 w - 4 potions of stabbing
 J - 3 potions of haste
 T - 2 potions of resistance
 W - a potion of cancellation
Miscellaneous
 B - a lamp of fire
 G - a fan of gales
 Y - a tin of tremorstones
Comestibles
 f - 27 rations


   Skills:
 - Level 7.2 Fighting
 - Level 5.0 Throwing
 - Level 2.0 Armour
 - Level 1.5 Dodging
 - Level 1.1 Stealth
 * Level 1.7 Shields
 - Level 19.3 Unarmed Combat
 * Level 4.5 Spellcasting
 - Level 3.0 Hexes
 - Level 2.0 Necromancy
 * Level 1.8 Translocations
 - Level 3.0 Evocations


You had 7 spell levels left.
You knew the following spells:

 Your Spells              Type           Power        Failure   Level  Hunger
a - Confusing Touch       Hex            #.......     19%         3    ###....
b - Ensorcelled Hibernat  Hex/Ice        #.....       19%         2    ##.....
c - Apportation           Tloc           #.....       11%         1    #......
d - Summon Small Mammal   Summ           #...         22%         1    #......
e - Summon Guardian Gole  Hex/Summ       #.......     36%         3    ###....
f - Shroud of Golubria    Chrm/Tloc      #.....       24%         2    ##.....
p - Blink                 Tloc           N/A          16%         2    ##.....
z - Animate Skeleton      Necr           N/A          10%         1    #......

Your spell library contained the following spells:

 Spells                   Type           Power        Failure   Level  Hunger
 Corona                   Hex            #......      6%          1    #......
 Tukima's Dance           Hex            #.......     19%         3    ###....
 Sting                    Tmut/Pois      #...         22%         1    #......
 Gell's Gravitas          Tloc           #.........   32%         3    ###....
 Lesser Beckoning         Tloc           #.........   32%         3    ###....
 Teleport Other           Tloc           #.......     32%         3    ###....
 Call Imp                 Summ           #.......     34%         2    ##.....
 Searing Ray              Conj           #.....       34%         2    ##.....
 Dazzling Flash           Conj/Hex       #.....       36%         3    ###....
 Call Canine Familiar     Summ           #.......     56%         3    ###....
 Static Discharge         Conj/Air       #.......     56%         3    ###....
 Passage of Golubria      Tloc           N/A          71%         4    #####..
 Summon Ice Beast         Ice/Summ       #.......     92%         4    #####..
 Summon Lightning Spire   Summ/Air       #.......     92%         4    #####..
 Conjure Ball Lightning   Conj/Air       #.........   100%        6    #######
 Malign Gateway           Summ/Tloc      #.........   100%        7    #######
 Monstrous Menagerie      Summ           #.........   100%        7    #######
 Summon Greater Demon     Summ           #.........   100%        7    #######
 Summon Horrible Things   Summ           #.........   100%        8    #######


Dungeon Overview and Level Annotations

Branches:
Dungeon (11/15)            Temple (1/1) D:6             Orc (2/2) D:9
    Elf (2/3) Orc:2
   Lair: D:8-11

Altars:
Ashenzari
Hepliaklqana
Kikubaaqudgha
Nemelex Xobeh
Okawaru
Qazlal
Sif Muna
Trog
Wu Jian
Xom
Zin
The Shining One

Shops:
D:6 %   D:9 *   Orc:1 [   Orc:2 !}!   Elf:1 *

Annotations:
Orc:1 2 transporters, b5mith's ghost, journeyman MiBe
Elf:2 Louise


Innate Abilities, Weirdness & Mutations

You are too large for most types of armour.
You have claws for hands.
Your metabolism is lightning-fast.
You like to eat raw meat.
Your natural rate of healing is unusually fast.
You are covered in fur. (AC +1)
You have extremely tough skin. (AC +3)


Message History

Throwing (i - inventory. (/) - cycle)
U - 13 large rocks (quivered)
Press: ? - help, Shift-Dir - straight line, f/p - +4 vampiric executioner's axe
Aim: a +4 vampiric executioner's axe You throw a large rock.
The large rock hits the +4 vampiric executioner's axe!!
The +4 vampiric executioner's axe is heavily damaged.
You scratch the +4 vampiric executioner's axe.
The +4 vampiric executioner's axe is heavily damaged.
You spin and attack the +4 vampiric executioner's axe.
You closely miss the +4 vampiric executioner's axe.
The +4 vampiric executioner's axe is heavily damaged.
The +4 vampiric executioner's axe hits you!!
* * * LOW HITPOINT WARNING * * *
You spin and attack the +4 vampiric executioner's axe.
You miss the +4 vampiric executioner's axe.
The +4 vampiric executioner's axe is heavily damaged.
You claw the +4 vampiric executioner's axe!
The +4 vampiric executioner's axe is almost destroyed.
The +4 vampiric executioner's axe hits you!!
You die...

### #####
##.####...###
..##...##......#
................##
..............#@....#
#............###(...#
##..........## ##...#
##...........## ...#
#.............# ...#
..............## ...#
...............#.
..(#
.......e.........
...#
.......##........
...#


You could see a +4 vampiric executioner's axe (pinned).

Vanquished Creatures
  Agnes (Elf:1)
  A deep elf annihilator (Elf:1)
  A deep elf death mage (Elf:1)
  A mummy priest (Elf:1)
  10 two-headed ogres
  2 ogre magi (Orc:2)
  11 dancing weapons
  2 vampire magi (Elf:1)
  3 orc high priests (Elf:1)
  4 deep elf knights (Elf:1)
  2 deep trolls (Orc:2)
  Pikel (D:9)
  3 deep elf archers (Elf:1)
  2 orc sorcerers (Orc:1)
  2 orc knights
  2 cyclopes (Orc:2)
  27 deep elf magi
  A guardian serpent (shapeshifter) (Elf:2)
  Maurice (Orc:1)
  2 guardian serpents (D:10)
  2 kobold demonologists (Elf:1)
  13 trolls
  A merfolk (D:9)
  A tengu conjurer (D:9)
  A hornet (D:8)
  Grinder (D:3)
  3 yaks (D:9)
  A hungry ghost (D:11)
  2 fire elementals (Elf:1)
  Eustachio (D:4)
  3 steam dragons (D:6)
  4 wargs
  Menkaure (D:4)
  Duvessa (D:6)
  2 ice beasts
  A black bear (D:8)
  17 orc warriors
  2 sky beasts
  2 boggarts (Elf:1)
  A phantom (D:9)
  28 ogres
  4 centaurs
  2 crocodiles
  A big kobold (D:9)
  A gnoll sergeant (D:8)
  7 bullfrogs
  Dowan (D:6)
  2 scorpions
  5 killer bees (D:10)
  An electric eel (D:10)
  A howler monkey (D:6)
  3 crimson imps
  2 bullfrog zombies
  8 hounds
  17 orc priests
  2 centaur skeletons
  16 orc wizards
  2 bullfrog skeletons
  2 gnoll shamans (D:4)
  4 iguanas
  6 worker ants
  A hound zombie (D:5)
  A hound skeleton (D:10)
  2 worker ant zombies
  8 adders
  15 gnolls
  3 shadow imps
  An ooze (D:5)
  An adder zombie (D:6)
  An adder skeleton (D:10)
  2 worms
  4 dart slugs
  6 leopard geckos
  61 orcs
  10 bats
  7 giant cockroaches
  7 goblins
  5 hobgoblins
  13 jackals
  7 quokkas
  2 ball pythons
  3 frilled lizards
  16 kobolds
  A quokka skeleton (D:7)
  10 rats
441 creatures vanquished.

Vanquished Creatures (others)
  A crimson imp (D:9)
  A hound (D:9)
  A quasit (D:9)
  A leopard gecko (D:9)
  An orc (Orc:1)
  A fungus (D:11)
  A plant (D:11)
7 creatures vanquished.

Grand Total: 448 creatures vanquished

Notes
Turn   | Place    | Note
-------+----------+-------------------------------------------
     0 | D:1      | Tenaya the Troll Hunter began the quest for the Orb.
     0 | D:1      | Reached XP level 1. HP: 19/19 MP: 0/0
   149 | D:1      | Reached XP level 2. HP: 23/27 MP: 1/1
   206 | D:1      | Reached skill level 1 in Unarmed Combat
   484 | D:1      | Reached XP level 3. HP: 35/35 MP: 2/2
   705 | D:2      | Found a shimmering altar of Xom.
   874 | D:2      | You fall into a shaft and drop 2 floors!
   890 | D:4      | Noticed an ogre
   892 | D:4      | Killed an ogre
   892 | D:4      | Reached skill level 1 in Armour
   892 | D:4      | Reached skill level 1 in Stealth
   892 | D:4      | Reached skill level 2 in Unarmed Combat
   892 | D:4      | Reached XP level 4. HP: 42/42 MP: 3/3
   980 | D:3      | Reached XP level 5. HP: 49/49 MP: 3/5
  1064 | D:4      | Noticed an ogre
  1067 | D:4      | Killed an ogre
  1067 | D:4      | Reached skill level 3 in Unarmed Combat
  1067 | D:4      | Reached skill level 1 in Spellcasting
  1067 | D:4      | Reached XP level 6. HP: 59/59 MP: 6/6
  1157 | D:4      | Found a glowing silver altar of Zin.
  1158 | D:4      | Noticed an angel
  1238 | D:4      | Noticed Menkaure
  1239 | D:4      | Killed Menkaure
  1515 | D:4      | Reached skill level 4 in Unarmed Combat
  1515 | D:4      | Reached XP level 7. HP: 66/66 MP: 8/8
  1582 | D:4      | Noticed Eustachio
  1592 | D:4      | Killed Eustachio
  1714 | D:4      | Reached skill level 5 in Unarmed Combat
  1796 | D:4      | Reached skill level 5 in Throwing
  2138 | D:5      | Entered Level 5 of the Dungeon
  2141 | D:5      | Reached XP level 8. HP: 68/75 MP: 10/10
  2203 | D:5      | Found an ornate altar of the Wu Jian Council.
  2210 | D:5      | Became a worshipper of the Wu Jian Council
  2484 | D:2      | Reached skill level 6 in Unarmed Combat
  2657 | D:3      | Reached * piety under Wu Jian
  2814 | D:3      | Noticed a moth of wrath
  2816 | D:3      | Found a bloodstained altar of Trog.
  3088 | D:3      | Noticed Grinder
  3094 | D:3      | Killed Grinder
  3440 | D:5      | Reached skill level 7 in Unarmed Combat
  3864 | D:6      | Reached ** piety under Wu Jian
  3935 | D:6      | Found a staircase to the Ecumenical Temple.
  3965 | Temple   | Entered the Ecumenical Temple
  4009 | D:6      | Reached skill level 5 in Fighting
  4009 | D:6      | Reached skill level 8 in Unarmed Combat
  4009 | D:6      | Reached XP level 9. HP: 46/88 MP: 11/11
  4161 | D:6      | Reached skill level 9 in Unarmed Combat
  4228 | D:6      | Noticed Dowan
  4254 | D:6      | Noticed Duvessa
  4258 | D:6      | Killed Duvessa
  4274 | D:6      | Killed Dowan
  4360 | D:6      | Found Jophiost's Food Emporium.
  4725 | D:7      | Found a glowing golden altar of the Shining One.
  4810 | D:7      | Reached skill level 10 in Unarmed Combat
  4947 | D:7      | Found a stormy altar of Qazlal.
  4984 | D:7      | Found a shimmering blue altar of Sif Muna.
  5044 | D:7      | Identified Sif Muna's Catalogue of Venom
  5528 | D:8      | Reached skill level 11 in Unarmed Combat
  5595 | D:8      | Found a glowing silver altar of Zin.
  5776 | D:8      | Paralysed by a hornet for 2 turns
  5821 | D:8      | Found a hazy altar of Hepliaklqana.
  5993 | D:9      | Noticed Pikel
  5999 | D:9      | Noticed a tengu conjurer
  6014 | D:9      | Killed Pikel
  6014 | D:9      | Reached XP level 10. HP: 65/96 MP: 12/12
  6019 | D:9      | Reached skill level 12 in Unarmed Combat
  6137 | D:9      | Reached *** piety under Wu Jian
  6158 | D:9      | Found Bumabl Pieps's General Store.
  6189 | D:9      | Bought a potion of flight for 42 gold pieces
  6189 | D:9      | Bought a scroll of remove curse for 42 gold pieces
  6189 | D:9      | Bought a scroll of identify for 28 gold pieces
  6199 | D:9      | Found a staircase to the Orcish Mines.
  6344 | D:9      | Noticed a two-headed ogre
  6347 | D:9      | Killed a two-headed ogre
  6347 | D:9      | Reached skill level 13 in Unarmed Combat
  6480 | D:9      | Found a shimmering altar of Xom.
  6654 | D:9      | Learned a level 3 spell: Confusing Touch
  6783 | D:10     | Entered Level 10 of the Dungeon
  7054 | D:10     | Noticed a guardian serpent
  7057 | D:10     | Killed a guardian serpent
  7172 | D:10     | Reached skill level 1 in Evocations
  7369 | D:10     | Reached skill level 1 in Hexes
  7543 | D:10     | Noticed a guardian serpent
  7547 | D:10     | Killed a guardian serpent
  7547 | D:10     | Reached **** piety under Wu Jian
  7547 | D:10     | Reached XP level 11. HP: 104/104 MP: 13/13
  7952 | D:11     | Noticed a death knight
  8003 | D:11     | Noticed a five-headed hydra
  8004 | D:11     | Noticed a two-headed ogre
  8079 | D:11     | Killed a two-headed ogre
  8213 | Orc:1    | Entered Level 1 of the Orcish Mines
  8213 | Orc:1    | Found Atutune's Antique Armour Boutique.
  8287 | Orc:1    | Noticed Maurice
  8309 | Orc:1    | Killed Maurice
  8309 | Orc:1    | Reached skill level 14 in Unarmed Combat
  8358 | Orc:1    | Noticed an orc sorcerer
  8361 | Orc:1    | Killed an orc sorcerer
  8414 | Orc:1    | Found a transporter.
  8482 | Orc:1    | Noticed b5mith's ghost (journeyman MiBe)
  8491 | Orc:1    | Found a transporter.
  8807 | Orc:1    | Noticed an orc sorcerer
  8820 | Orc:1    | Killed an orc sorcerer
  8874 | Orc:2    | Entered Level 2 of the Orcish Mines
  8874 | Orc:2    | Found a staircase to the Elven Halls.
  8880 | Orc:2    | Noticed an orc knight
  8883 | Orc:2    | Reached ***** piety under Wu Jian
  8979 | Orc:1    | Killed an orc knight
  9061 | Orc:2    | Noticed an orc knight
  9220 | Orc:2    | Killed an orc knight
  9277 | Orc:2    | Found a shimmering altar of Xom.
  9513 | Orc:2    | Noticed a two-headed ogre
  9529 | Orc:2    | Noticed a two-headed ogre
  9531 | Orc:2    | Noticed an ogre mage
  9534 | Orc:2    | Noticed a two-headed ogre
  9536 | Orc:2    | Noticed a two-headed ogre
  9536 | Orc:2    | Noticed a two-headed ogre
  9537 | Orc:2    | Noticed a two-headed ogre
  9538 | Orc:2    | Killed an ogre mage
  9538 | Orc:2    | Reached XP level 12. HP: 75/115 MP: 16/16
  9568 | Orc:1    | Killed a two-headed ogre
  9609 | Orc:1    | Upgraded the game from 0.25-a0-566-g062765b to
                  | 0.25-a0-571-gb5e01bd
  9653 | Orc:2    | Killed a two-headed ogre
  9660 | Orc:2    | Killed a two-headed ogre
  9669 | Orc:2    | Killed a two-headed ogre
  9669 | Orc:2    | Reached skill level 15 in Unarmed Combat
 10030 | Orc:1    | Killed a two-headed ogre
 10256 | Orc:2    | Noticed a two-headed ogre
 10268 | Orc:2    | Killed a two-headed ogre
 10378 | Orc:2    | Noticed an ogre mage
 10388 | Orc:2    | Killed an ogre mage
 10388 | Orc:2    | Reached skill level 16 in Unarmed Combat
 10517 | Orc:2    | Noticed a two-headed ogre
 10519 | Orc:2    | Killed a two-headed ogre
 10531 | Orc:2    | Killed a two-headed ogre
 10628 | Orc:2    | Found Irulakosch's Distillery.
 10633 | Orc:2    | Found Bikoic's Distillery.
 10633 | Orc:2    | Found Ucebuc's Jewellery Shoppe.
 10636 | Orc:2    | Bought a potion of might for 44 gold pieces
 10636 | Orc:2    | Bought a potion of heal wounds for 55 gold pieces
 10636 | Orc:2    | Bought a potion of haste for 110 gold pieces
 10641 | Orc:2    | Bought a potion of degeneration for 11 gold pieces
 10644 | Orc:2    | Found Uxkokay's Gadget Shop.
 10668 | Orc:2    | Bought a potion of berserk rage for 55 gold pieces
 10673 | Orc:2    | Bought a potion of stabbing for 44 gold pieces
 10673 | Orc:2    | Bought a potion of resistance for 110 gold pieces
 10673 | Orc:2    | Bought a potion of magic for 88 gold pieces
 10678 | Orc:2    | Bought a potion of cancellation for 88 gold pieces
 10796 | Elf:1    | Entered Level 1 of the Elven Halls
 10824 | Elf:1    | Reached XP level 13. HP: 124/124 MP: 18/18
 10843 | Elf:1    | Reached skill level 17 in Unarmed Combat
 11277 | Elf:2    | Noticed a deep elf death mage
 11309 | Elf:1    | Killed a deep elf death mage
 11313 | Elf:1    | Killed a ghostly deep elf death mage
 11463 | Elf:1    | Found Kayk's General Store.
 11468 | Elf:1    | Bought a scroll of enchant armour for 105 gold pieces
 11730 | Elf:1    | Reached skill level 18 in Unarmed Combat
 12013 | Elf:1    | Noticed a deep elf annihilator
 12028 | Elf:1    | Killed a deep elf annihilator
 12136 | Elf:1    | Identified Zosarchuu's Collected Works on Conjuration
 12325 | Elf:1    | Noticed a mummy priest
 12373 | Elf:1    | Noticed a jiangshi
 12556 | Elf:1    | Killed a mummy priest
 12707 | Elf:1    | Reached skill level 19 in Unarmed Combat
 12768 | Elf:1    | Noticed Agnes
 12773 | Elf:1    | Killed Agnes
 12773 | Elf:1    | Reached XP level 14. HP: 113/133 MP: 19/19
 12886 | Elf:1    | Learned a level 1 spell: Animate Skeleton
 12889 | Elf:1    | Learned a level 2 spell: Ensorcelled Hibernation
 13022 | Elf:1    | You fall into a shaft and drop 1 floor!
 13178 | Elf:1    | Reached skill level 1 in Necromancy
 13370 | Elf:1    | Found a shimmering blue altar of Sif Muna.
 13414 | Elf:1    | Learned a level 1 spell: Apportation
 13505 | Elf:1    | Identified the amulet "Kycest" {RegenMP rElec Dex-3 Stlth+}
 13958 | Elf:1    | Reached skill level 1 in Translocations
 14013 | Elf:1    | Learned a level 1 spell: Summon Small Mammal
 14016 | Elf:1    | Learned a level 2 spell: Blink
 14019 | Elf:1    | Learned a level 2 spell: Shroud of Golubria
 14054 | Elf:1    | Learned a level 3 spell: Summon Guardian Golem
 14134 | Elf:2    | Reached skill level 1 in Shields
 14406 | Elf:2    | Noticed Louise
 14411 | Elf:2    | HP: 5/133 [deep elf mage/bolt of fire (28)]
 14434 | Elf:2    | Mangled by a +4 vampiric executioner's axe

Levels and vault maps discovered:
D:1:      minmay_arrival_loop, layout_loops_ring
D:2:      layout_basic, nicolae_overflow_hidden_temple, first_ration
D:3:      layout_rooms, tgw_trog, uniq_grinder
D:4:      wad_river_or_something, layout_layer_cave, zin_angel, uniq_eustachio,
          uniq_menkaure
D:5:      layout_basic, nicolae_overflow_crystal_walls
D:6:      cheibrodos_steamvent, layout_basic, minmay_temple_entry_slanted,
          serial_shops, shop, uniq_duvessa
D:7:      layout_rooms, led_sif_book, kennysheep_little_box, grunt_qazlal_clouds
D:8:      layout_cave_pods, kennysheep_mini_moat, basic_altar
D:9:      layout_loops_ring, orc_0_dummy, basic_altar, serial_shops, shop,
          hangedman_fish_farm, uniq_pikel
D:10:     nrook_guardian_serpent_snake_passage, layout_basic,
          minmay_misc_feat_five
D:11:     layout_rooms, grunt_lair_entry_orc_guard_hut, ebering_ghost_gozag,
          uniq_psyche
Temple:   eino_temple_rhombus
Orc:1:    layout_diamond_mine, gammafunk_ghost_stat_death, serial_shops,
          nicolae_shop_stone, uniq_maurice
Orc:2:    st_orc_open, layout_caves, basic_altar, nicolae_orc_rockfall
Elf:1:    elf_arrival_001, layout_geoelf_diagonals, serial_shops, shop_statue,
          minmay_elf_annihilation, drop_trap, hangedman_summoners_spam,
          uniq_agnes
Elf:2:    layout_loops_cross, minmay_the_grid_square_5x5_3x3_mashed
          [minmay_the_grid_square_5x5_slash, minmay_the_grid_square_5x5_inner_i,
          minmay_the_grid_square_5x5_eight_small,
          minmay_the_grid_square_5x5_bite,
          minmay_the_grid_square_5x5_megaprize_checkered,
          minmay_the_grid_square_5x5_inverted_slash,
          minmay_the_grid_square_5x5_comb, minmay_the_grid_square_5x5_fat_x,
          minmay_the_grid_square_5x5_detours], uniq_louise

Skill      XL: |  1  2  3  4  5  6  7  8  9 10 11 12 13 14 |
---------------+-------------------------------------------+-----
Unarmed Combat | 1 2 3 4 5 8 11 13 14 16 19 | 19.3
Fighting       | 2 3 5 6 7 |  7.2
Throwing       | 4 5 |  5.0
Armour         | 1 2 |  2.0
Stealth        | 1 |  1.1
Spellcasting   | 1 2 3 4 |  4.5
Evocations     | 1 3 |  3.0
Hexes          | 1 2 3 |  3.0
Necromancy     | 2 |  2.0
Translocations | 1 |  1.8
Shields        | 1 |  1.7
Dodging        | |  1.5

Action                   |  1- 3 |  4- 6 |  7- 9 | 10-12 | 13-15 || total
-------------------------+-------+-------+-------+-------+-------++-------
Melee: Unarmed           |    87 |    36 |   414 |   533 |   300 ||  1370
       Punch             |       |       |    13 |    26 |    15 ||    54
       Dagger            |       |       |       |    25 |       ||    25
       Trident           |       |       |       |     3 |       ||     3
Throw: Large rock        |     2 |     8 |    18 |    30 |    29 ||    87
       Boomerang         |       |       |       |    33 |     4 ||    37
       Throwing net      |       |       |       |     2 |       ||     2
 Cast: Apportation       |       |       |       |       |    11 ||    11
       Animate Skeleton  |       |       |       |       |     3 ||     3
Invok: Lunge             |       |       |    37 |    45 |    38 ||   120
       Whirlwind         |       |       |    12 |    75 |    88 ||   175
       Serpent's Lash    |       |       |       |     7 |       ||     7
Evoke: Wand              |       |       |     7 |     6 |     2 ||    15
  Use: Potion            |       |       |       |     1 |     5 ||     6
       Scroll            |       |       |       |       |     3 ||     3
 Stab: Sleeping          |       |       |     6 |     2 |     1 ||     9
       Confused          |       |       |       |     5 |     2 ||     7
  Eat: Chunk             |    14 |     3 |    44 |    52 |    25 ||   138
Armor: Robe              |    34 |     9 |    60 |       |    42 ||   145
       Steam dragon scal |       |       |    62 |   184 |    42 ||   288
Dodge: Dodged            |    34 |    16 |   204 |   245 |    95 ||   594

Table legend:
 A = Non-vault XP
 B = Vault XP
 C = Vault XP percentage of total XP
 D = Non-vault monster count
 E = Vault monster count
 F = Vault count percentage of total count
                 A         B        C        D         E       F
            +---------+---------+-------+---------+---------+-------
      Total |   42500 |   35420 |  45.5 |     351 |      90 |  20.4
            +---------+---------+-------+---------+---------+-------
        D:1 |      47 |       0 |   0.0 |      24 |       0 |   0.0
        D:2 |     204 |       0 |   0.0 |      24 |       0 |   0.0
        D:3 |     238 |     267 |  52.9 |      26 |       6 |  18.8
        D:4 |     457 |     763 |  62.5 |      11 |      10 |  47.6
        D:5 |     609 |       0 |   0.0 |      22 |       0 |   0.0
        D:6 |     501 |     757 |  60.2 |      17 |       5 |  22.7
        D:7 |     463 |      75 |  13.9 |      12 |       2 |  14.3
        D:8 |    1063 |       0 |   0.0 |      24 |       0 |   0.0
        D:9 |    2726 |     952 |  25.9 |      35 |       2 |   5.4
       D:10 |    2694 |     875 |  24.5 |      32 |       2 |   5.9
       D:11 |    1141 |     188 |  14.1 |       5 |       2 |  28.6
      Orc:1 |    3966 |    2614 |  39.7 |      50 |       5 |   9.1
      Orc:2 |    2561 |   12904 |  83.4 |      26 |      33 |  55.9
      Elf:1 |   19509 |   14586 |  42.8 |      34 |      21 |  38.2
      Elf:2 |    6321 |    1439 |  18.5 |       9 |       2 |  18.2
            +---------+---------+-------+---------+---------+-------
